 Dungeon Crawl Stone Soup version 0.30.0-20-g3615ddf2f0 (webtiles) character file.

Game seed: 222098502676475570

64974 qw the Severer (level 15, 0/96 HPs)
             Began as a Gargoyle Fighter on June 2, 2023.
             Was a High Priest of Okawaru.
             Slain by a profane servitor (illusionary)
             ... wielding a +1 demon whip
              (5 damage)
             ... on level 3 of the Abyss.
             The game lasted 00:11:36 (20707 turns).

qw the Severer (Gargoyle Fighter)                  Turns: 20707, Time: 00:11:36

Health: 0/96       AC: 42    Str: 32    XL:     15   Next: 14%
Magic:  22/22      EV: 11    Int: 14    God:    Okawaru [*****.]
Gold:   1330       SH: 18    Dex: 11    Spells: 14/14 levels left

rFire   . . .        c - +4 war axe (freeze)
rCold   x . .        D - +0 tower shield of Summertime {+Inv rPois rC- SInv}
rNeg    + . .        B - +5 chain mail "Wuylostra" {Dex+4 Slay+2}
rPois   inf          (no helmet)
rElec   +            f - +1 cloak
rCorr   .            j - +0 pair of gloves
SInv    +            q - +0 pair of boots
Will    +....        a - amulet of faith Stlth
                     Y - ring "Cebud" {+Blink rPois Str+6 Int+4}
HPRegen 0.36/turn    u - +4 ring of protection
MPRegen 0.18/turn

%: faith
@: heroic, flying, wreathed by umbra
A: sickness immunity, AC +11, big wings, negative energy resistance 1,
electricity resistance, torment resistance 1, petrification resistance,
iridescent scales 1, clumsy 1
a: Renounce Religion, Evoke Blink, Evoke Invisibility, Heroism, Finesse, Duel


You were on level 3 of the Abyss.
You worshipped Okawaru.
Okawaru was extremely pleased with you.
You visited 3 branches of the dungeon, and saw 20 of its levels.
You visited the Abyss 1 time.
You also visited: Gauntlet.

You collected 1330 gold pieces.


Innate Abilities, Weirdness & Mutations

You are immune to sickness and miasma.
Your stone body is resilient. (AC +11)
You are immune to poison.
Your large and strong wings let you fly.
You resist negative energy. (rN+)
You are resistant to electric shocks. (rElec)
You are resistant to unholy torment.
You are immune to petrification.
You are partially covered in iridescent scales. (AC +2)
You are clumsy. (Dex -2)


   Skills:
 - Level 12.0(17.0) Fighting
 - Level 15.8(20.8) Axes
 - Level 5.0(10.0) Throwing
 - Level 11.0(16.0) Armour
 - Level 3.0(8.0) Dodging
 + Level 10.6(15.6) Shields
 - Level 10.0 Invocations


You had 14 spell levels left.
You didn't know any spells.
Your spell library was empty.

Inventory:

Hand Weapons
 c - a +4 war axe of freezing (weapon)
 e - a +0 morningstar
Missiles
 i - 10 boomerangs
 n - 8 javelins
 C - 5 silver javelins (quivered)
Armour
 f - a +1 cloak (worn)
 j - a +0 pair of gloves (worn)
 q - a +0 pair of boots (worn)
 z - a +0 plate armour of cold resistance
 B - the +5 chain mail "Wuylostra" (worn) {Dex+4 Slay+2}
   (You found it on level 5 of the Lair of Beasts)

   Dex:       It affects your dexterity (+4).
   Slay:      It affects your accuracy & damage with ranged weapons and melee
   (+2).
 D - the +0 tower shield of Summertime (worn) {+Inv rPois rC- SInv}
   (You found it on level 12 of the Dungeon)

   rC:        It makes you vulnerable to cold.
   rPois:     It protects you from poison.
   SInv:      It lets you see invisible.
   +Inv:      It lets you turn invisible.
Jewellery
 a - an amulet of faith (around neck)
 m - a ring of ice
 p - a ring of see invisible
 u - a +4 ring of protection (right hand)
 v - a ring of ice
 y - the amulet of Vitality {RegenMP++ Regen++}
   (You found it in a Gauntlet)

   [amulet of magic regeneration]

   It increases your rate of magic regeneration.
   Regen:     It increases your rate of health regeneration.
 Y - the ring "Cebud" (left hand) {+Blink rPois Str+6 Int+4}
   (You found it on level 1 of the Lair of Beasts)

   [ring of strength]

   Str:       It affects your strength (+6).
   Int:       It affects your intelligence (+4).
   rPois:     It protects you from poison.
   +Blink:    It lets you blink.
Wands
 t - a wand of digging (8)
Scrolls
 b - 9 scrolls of identify
Potions
 d - 2 potions of might
 h - 3 potions of cancellation
 k - 3 potions of attraction
 l - 6 potions of curing
 o - 6 potions of mutation
 r - a potion of magic
 s - 2 potions of lignification
 w - a potion of resistance
 A - a potion of haste

Dungeon Overview and Level Annotations

Branches:
Dungeon (14/15)            Temple (1/1) D:5            Lair (5/5) D:9
 Shoals (0/4) Lair:2        Snake (0/4) Lair:2        Slime (0/5) Lair:4
    Orc (0/2) D:10         Vaults (0/5) D:13        Gauntlet (visited)

Altars:
Ashenzari
Cheibriados
Dithmenos
Elyvilon
Fedhas
Gozag
Hepliaklqana
Kikubaaqudgha
Makhleb
Nemelex Xobeh
Okawaru
Qazlal
Ru
Sif Muna
Trog
Uskayaw
Vehumet
Wu Jian
Xom
Yredelemnul
Zin
The Shining One
Jiyva

Annotations:
D:14 Louise


Message History

You block the profane servitor's attack.
The profane servitor barely misses you.
The profane servitor closely misses you.
You block the profane servitor's attack. x3
The profane servitor hits you but does no damage. x4
The profane servitor hits you with a +1 demon whip. x2
The profane servitor hits you but does no damage. x2
The profane servitor closely misses you.
You hit the profane servitor.
The profane servitor is heavily damaged.
You slash the profane servitor! You freeze the profane servitor.
You slash the profane servitor! You hit the profane servitor.
The rakshasa weaves an illusion.
The profane servitor shimmers and seems to become two!
You block the profane servitor's attack.
The profane servitor hits you but does no damage. x3
You block the profane servitor's attack.
The profane servitor hits you with a +1 demon whip! x2
You block the profane servitor's attack.
You hit the profane servitor but do no damage.
The profane servitor is severely damaged.
You hit the profane servitor.
You completely miss the profane servitor.
You slice the profane servitor!!
You destroy the profane servitor!
The profane servitor shimmers and vanishes!
You slash the profane servitor! You freeze the profane servitor.
You block the profane servitor's attack. x2
The profane servitor hits you but does no damage. x5
The profane servitor barely misses you.
The profane servitor hits you but does no damage. x2
The rakshasa weaves an illusion.
The profane servitor shimmers and seems to become two!
You slash the profane servitor! You freeze the profane servitor.
The profane servitor is almost destroyed.
You completely miss the profane servitor.
You barely miss the profane servitor. x2
The profane servitor hits you but does no damage. x3
The profane servitor hits you with a +1 demon whip.
You die...

.##.#######.#.'.
.
\.....A@A......
......A.A......
..
.###..AR..(#.##
# #.##..#.#
#.###...# ..
.#.# ##.. ... #
.. #. ..


You could see 5 profane servitors and a rakshasa.

Vanquished Creatures
  A minotaur (Gauntlet)
  Fannar (Lair:3)
  A vault guard (D:13)
  6 hydras
  A catoblepas (Lair:5)
  3 centaur warriors
  3 two-headed ogres
  3 boulder beetles
  2 tengu warriors
  Sonja (D:13)
  A wretched star (Gauntlet)
  5 skysharks
  A lindwurm (Lair:3)
  2 ugly things
  2 manticores
  5 cyclopes
  A black mamba (D:9)
  12 elephants (Lair:5)
  A salamander (Lair:2)
  3 gargoyles
  21 cane toads
  2 kobold demonologists (D:13)
  4 rime drakes
  An unseen horror (shapeshifter) (D:13)
  A molten gargoyle (Lair:2)
  15 komodo dragons
  3 trolls
  2 tyrant leeches (Lair:5)
  3 meliai (Gauntlet)
  A wind drake (Lair:2)
  A hornet (D:9)
  12 blink frogs (Lair:5)
  Sigmund (D:2)
  11 dream sheep
  13 slime creatures
  2 small abominations
  2 wraiths
  2 shadows (Gauntlet)
  A vampire (D:11)
  A neqoxec (Gauntlet)
  3 wyverns
  39 yaks
  A fire elemental (Lair:5)
  5 basilisks
  A steam dragon (D:9)
  9 vampire mosquitoes
  Menkaure (D:6)
  2 acid dragons
  18 water moccasins
  2 ice beasts
  6 orc warriors
  A sky beast (D:6)
  An ice beast (shapeshifter) (D:13)
  6 black bears
  9 wolves
  An ogre (D:4)
  10 centaurs
  A phantom (D:6)
  3 kobold brigands
  28 bullfrogs
  A gnoll sergeant (D:9)
  3 scorpions
  4 wights (D:8)
  6 killer bees (D:8)
  6 howler monkeys
  2 electric eels (Lair:5)
  A crimson imp (D:5)
  4 lava snakes (Lair:2)
  4 hounds
  An orc priest (D:6)
  3 gnoll boudas
  8 jellies
  A sleepcap (D:5)
  Natasha (D:2)
  Terence (D:2)
  5 iguanas
  5 hell rats (Lair:2)
  5 orc wizards
  16 gnolls
  10 adders
  A shadow imp (D:8)
  3 white imps
  2 ufetubi
  A worm (D:4)
  A dart slug (D:4)
  32 orcs
  5 bats
  4 endoplasms
  4 giant cockroaches
  8 goblins
  9 hobgoblins
  10 jackals (D:2)
  4 quokkas
  11 ball pythons
  3 frilled lizards
  18 kobolds
  5 rats
509 creatures vanquished.

Vanquished Creatures (others)
  A yak (Lair:2)
  An orc wizard (D:9)
2 creatures vanquished.

Grand Total: 511 creatures vanquished

Notes
Turn   | Place    | Note
-------+----------+-------------------------------------------
     0 | D:1      | qw the Gargoyle Fighter began the quest for the Orb.
     0 | D:1      | Reached XP level 1. HP: 14/14 MP: 1/1
     0 | D:1      | 0 ||| qw: Version: 0.2-a-102-gdf20003
     0 | D:1      | 0 ||| qw: Game counter: 791
     0 | D:1      | 0 ||| qw: Always use a shield: true
     0 | D:1      | 0 ||| qw: God list: Okawaru
     0 | D:1      | 0 ||| qw: Allow faded altars: false
     0 | D:1      | 0 ||| qw: Do Orc after D:15 true
     0 | D:1      | 0 ||| qw: Do second Lair branch before Depths: true
     0 | D:1      | 0 ||| qw: Lair rune preference: random
     0 | D:1      | 0 ||| qw: Plans: Normal, Zot:1-4, Slime:5, God:TSO, Crypt,
                  | Tomb, Pan, Hells, Abyss, Win
     0 | D:1      | 0 ||| PLANNING D:1-11
   178 | D:1      | Reached skill level 2 in Axes
   186 | D:1      | 186 ||| DROPPING +0 heavy hand axe.
   220 | D:1      | Reached XP level 2. HP: 12/19 MP: 2/2
   254 | D:1      | 254 ||| Stepping ~*~*~tactically~*~*~ (stealth).
   255 | D:1      | 255 ||| Stepping ~*~*~tactically~*~*~ (stealth).
   257 | D:1      | 257 ||| Stepping ~*~*~tactically~*~*~ (stealth).
   286 | D:1      | 286 ||| DROPPING +0 club.
   509 | D:1      | 509 ||| DROPPING +0 heavy hand axe.
   803 | D:1      | 803 ||| UPGRADING to amulet of guardian spirit.
   808 | D:1      | 808 ||| DROPPING ring of wizardry.
   809 | D:1      | 809 ||| READING scroll labelled JUIC GUETSAYSYXT.
   810 | D:1      | 810 ||| READING scroll labelled REIVVA NOSE.
   832 | D:2      | Reached skill level 3 in Axes
   832 | D:2      | Reached XP level 3. HP: 23/23 MP: 3/3
   843 | D:2      | 843 ||| Stepping ~*~*~tactically~*~*~ (hiding).
   844 | D:2      | 844 ||| Stepping ~*~*~tactically~*~*~ (hiding).
   883 | D:2      | 883 ||| DROPPING +0 whip.
   938 | D:2      | Noticed Terence
   944 | D:2      | Killed Terence
   945 | D:2      | Reached skill level 4 in Axes
   945 | D:2      | Reached XP level 4. HP: 16/28 MP: 2/4
  1054 | D:2      | Identified the +8 dagger of Quantum Leap {pain, rElec Will+
                  | rCorr MP-9}
  1187 | D:2      | Found a radiant altar of Vehumet.
  1288 | D:2      | 1288 ||| UPGRADING to +0 chain mail.
  1298 | D:2      | 1298 ||| DROPPING +0 scale mail.
  1299 | D:2      | 1299 ||| UPGRADING to +0 pair of gloves.
  1304 | D:2      | 1304 ||| READING scroll labelled MIRAEGH ZUCVUMP.
  1363 | D:2      | 1363 ||| Stepping ~*~*~tactically~*~*~ (stealth).
  1364 | D:2      | 1364 ||| Stepping ~*~*~tactically~*~*~ (stealth).
  1368 | D:2      | 1368 ||| Stepping ~*~*~tactically~*~*~ (stealth).
  1369 | D:2      | 1369 ||| Stepping ~*~*~tactically~*~*~ (stealth).
  1385 | D:2      | 1385 ||| Stepping ~*~*~tactically~*~*~ (stealth).
  1443 | D:2      | 1443 ||| Stepping ~*~*~tactically~*~*~ (hiding).
  1444 | D:2      | 1444 ||| Stepping ~*~*~tactically~*~*~ (hiding).
  1473 | D:2      | Noticed Sigmund
  1474 | D:2      | 1474 ||| FLEEEEING.
  1475 | D:2      | 1475 ||| FLEEEEING.
  1501 | D:2      | Killed Sigmund
  1502 | D:2      | Reached skill level 5 in Axes
  1502 | D:2      | Reached XP level 5. HP: 21/32 MP: 3/5
  1502 | D:2      | Reached XP level 6. HP: 24/37 MP: 3/6
  1610 | D:2      | Noticed Natasha
  1615 | D:2      | Killed Natasha
  1685 | D:2      | 1685 ||| Stepping ~*~*~tactically~*~*~ (stealth).
  1686 | D:2      | 1686 ||| Stepping ~*~*~tactically~*~*~ (stealth).
  1720 | D:2      | 1720 ||| Stepping ~*~*~tactically~*~*~ (stealth).
  1897 | D:2      | 1897 ||| READING 2 scrolls of identify.
  1897 | D:2      | 1897 ||| IDENTIFYING viscous silvery potion
  2047 | D:3      | Found a faded altar of an unknown god.
  2088 | D:3      | Noticed a black bear
  2095 | D:3      | Killed a black bear
  2096 | D:3      | Reached skill level 6 in Axes
  2096 | D:3      | Reached XP level 7. HP: 43/43 MP: 7/7
  2525 | D:3      | 2525 ||| READING scroll labelled VIRUGU CELEO.
  2526 | D:3      | 2526 ||| DRINKING 2 lumpy red potions.
  2527 | D:3      | 2527 ||| DRINKING 2 fizzy golden potions.
  2528 | D:3      | 2528 ||| DRINKING 2 metallic amethyst potions.
  2528 | D:3      | Gained mutation: You are vulnerable to cold. (rC-) [potion
                  | of mutation]
  2528 | D:3      | Gained mutation: You are somewhat resistant to further
                  | mutation. [potion of mutation]
  2529 | D:3      | 2529 ||| DRINKING potion of mutation.
  2529 | D:3      | Lost mutation: You are vulnerable to cold. (rC-) [potion of
                  | mutation]
  2529 | D:3      | Lost mutation: You are somewhat resistant to further
                  | mutation. [potion of mutation]
  2529 | D:3      | Gained mutation: You are clumsy. (Dex -2) [potion of
                  | mutation]
  2529 | D:3      | Gained mutation: You are partially covered in iridescent
                  | scales. (AC +2) [potion of mutation]
  2530 | D:3      | 2530 ||| DROPPING potion of invisibility.
  2577 | D:4      | 2577 ||| STAIRDANCE
  2746 | D:4      | Found an ancient bone altar of Kikubaaqudgha.
  2773 | D:4      | HP: 6/43 [ogre/+0 giant club (14)]
  2777 | D:4      | Reached skill level 7 in Axes
  3229 | D:4      | 3229 ||| READING 2 scrolls labelled CIFUAL WAUBELL.
  3230 | D:4      | 3230 ||| READING scroll labelled BOMANI GUAVONE.
  3231 | D:4      | 3231 ||| DRINKING 2 blue potions.
  3232 | D:4      | 3232 ||| DRINKING 2 grey potions.
  3233 | D:4      | 3233 ||| DRINKING potion of curing.
  3233 | D:4      | 3233 ||| (to cure confusion)
  3234 | D:4      | 3234 ||| READING 2 scrolls of identify.
  3234 | D:4      | 3234 ||| IDENTIFYING fizzy inky potion
  3235 | D:4      | 3235 ||| DROPPING potion of flight.
  3236 | D:4      | 3236 ||| DROPPING scroll of summoning.
  3237 | D:4      | 3237 ||| DROPPING potion of ambrosia.
  3261 | D:5      | Entered Level 5 of the Dungeon
  3391 | D:5      | 3391 ||| Stepping ~*~*~tactically~*~*~ (stealth).
  3556 | D:5      | Reached XP level 8. HP: 46/49 MP: 6/8
  3601 | D:5      | Reached skill level 1 in Dodging
  3744 | D:5      | Found a staircase to the Ecumenical Temple.
  3745 | D:5      | 3745 ||| PLANNING TEMPLE
  3752 | Temple   | Entered the Ecumenical Temple
  3752 | Temple   | Found a transporter.
  3752 | Temple   | Found a transporter.
  3754 | Temple   | Found a transporter.
  3754 | Temple   | Found a transporter.
  3764 | Temple   | 3764 ||| PLANNING D:1-11
  3938 | D:5      | Reached skill level 8 in Axes
  4262 | D:5      | 4262 ||| Stepping ~*~*~tactically~*~*~ (hiding).
  4428 | D:5      | 4428 ||| UPGRADING to +1 cloak.
  4433 | D:5      | 4433 ||| DROPPING ring of magical power.
  4434 | D:5      | 4434 ||| READING scroll labelled DYKUMI BAUTZ.
  4435 | D:5      | 4435 ||| READING 3 scrolls of identify.
  4435 | D:5      | 4435 ||| IDENTIFYING smoky coppery potion
  4436 | D:5      | 4436 ||| READING 2 scrolls of identify.
  4436 | D:5      | 4436 ||| IDENTIFYING lumpy inky potion
  4437 | D:5      | 4437 ||| DROPPING potion of brilliance.
  4438 | D:5      | 4438 ||| DROPPING potion of degeneration.
  5267 | D:6      | Reached skill level 1 in Throwing
  5274 | D:6      | 5274 ||| Stepping ~*~*~tactically~*~*~ (hiding).
  5275 | D:6      | 5275 ||| Stepping ~*~*~tactically~*~*~ (hiding).
  5282 | D:6      | Reached skill level 6 in Fighting
  5481 | D:6      | Reached XP level 9. HP: 55/55 MP: 9/9
  5550 | D:6      | Noticed Menkaure
  5565 | D:6      | Killed Menkaure
  5566 | D:6      | Reached skill level 9 in Axes
  5667 | D:6      | 5667 ||| READING 3 scrolls labelled GOCHAC PIOREC.
  5668 | D:6      | 5668 ||| READING scroll labelled OCOYME DEEDAGG.
  5669 | D:6      | 5669 ||| READING 2 scrolls of identify.
  5669 | D:6      | 5669 ||| IDENTIFYING sapphire potion
  5670 | D:6      | 5670 ||| DROPPING 2 scrolls of noise.
  5823 | D:7      | 5823 ||| Stepping ~*~*~tactically~*~*~ (hiding).
  5957 | D:7      | Noticed a two-headed ogre
  5966 | D:7      | Killed a two-headed ogre
  6109 | D:7      | 6109 ||| Stepping ~*~*~tactically~*~*~ (hiding).
  6110 | D:7      | 6110 ||| Stepping ~*~*~tactically~*~*~ (hiding).
  6327 | D:7      | 6327 ||| Stepping ~*~*~tactically~*~*~ (hiding).
  6647 | D:7      | 6647 ||| DROPPING +0 whip of freezing.
  6735 | D:7      | 6735 ||| UPGRADING to +4 plate armour.
  6745 | D:7      | 6745 ||| DROPPING +0 chain mail.
  6746 | D:7      | 6746 ||| UPGRADING to +0 pair of boots.
  6817 | D:8      | 6817 ||| Stepping ~*~*~tactically~*~*~ (hiding).
  6818 | D:8      | 6818 ||| Stepping ~*~*~tactically~*~*~ (hiding).
  6820 | D:8      | 6820 ||| Stepping ~*~*~tactically~*~*~ (hiding).
  6881 | D:8      | Reached skill level 6 in Armour
  6881 | D:8      | Reached XP level 10. HP: 56/64 MP: 8/10
  7010 | D:8      | Reached skill level 10 in Axes
  7018 | D:8      | HP: 13/64 [wight/+1 long sword (9)]
  7023 | D:8      | HP: 10/64 [killer bee (1)]
  7066 | D:8      | 7066 ||| FLEEEEING.
  7067 | D:8      | 7067 ||| FLEEEEING.
  7068 | D:8      | 7068 ||| FLEEEEING.
  7075 | D:8      | 7075 ||| FLEEEEING.
  7076 | D:8      | 7076 ||| FLEEEEING.
  7077 | D:8      | 7077 ||| FLEEEEING.
  7078 | D:8      | 7078 ||| FLEEEEING.
  7079 | D:8      | 7079 ||| FLEEEEING.
  7080 | D:8      | 7080 ||| FLEEEEING.
  7081 | D:8      | 7081 ||| FLEEEEING.
  7082 | D:8      | 7082 ||| STAIRDANCE
  7203 | D:7      | 7203 ||| DRINKING 3 golden potions.
  7227 | D:8      | 7227 ||| Stepping ~*~*~tactically~*~*~ (hiding).
  7228 | D:8      | 7228 ||| Stepping ~*~*~tactically~*~*~ (hiding).
  7240 | D:8      | Noticed a two-headed ogre
  7255 | D:8      | HP: 15/64 [two-headed ogre/+0 giant spiked club (11)]
  7256 | D:8      | 7256 ||| DRINKING 2 potions of heal wounds.
  7261 | D:8      | Killed a two-headed ogre
  7262 | D:8      | Reached skill level 6 in Shields
  7422 | D:8      | Found a flagged portal.
  7695 | D:8      | 7695 ||| READING 3 scrolls of identify.
  7695 | D:8      | 7695 ||| IDENTIFYING bubbling purple potion
  7696 | D:8      | 7696 ||| READING 2 scrolls of identify.
  7696 | D:8      | 7696 ||| IDENTIFYING brown potion
  7697 | D:8      | 7697 ||| DROPPING potion of magic.
  7698 | D:8      | 7698 ||| DROPPING potion of berserk rage.
  7732 | D:9      | 7732 ||| STAIRDANCE
  7804 | D:9      | 7804 ||| Stepping ~*~*~tactically~*~*~ (stealth).
  7863 | D:9      | Reached skill level 11 in Axes
  7914 | D:9      | Found a staircase to the Lair.
  8005 | D:9      | 8005 ||| Stepping ~*~*~tactically~*~*~ (hiding).
  8006 | D:9      | 8006 ||| Stepping ~*~*~tactically~*~*~ (hiding).
  8008 | D:9      | 8008 ||| Stepping ~*~*~tactically~*~*~ (hiding).
  8117 | D:9      | 8117 ||| Stepping ~*~*~tactically~*~*~ (hiding).
  8122 | D:9      | Reached XP level 11. HP: 69/69 MP: 11/11
  8199 | D:9      | 8199 ||| DRINKING 2 potions of curing.
  8199 | D:9      | 8199 ||| (to cure confusion)
  8203 | D:9      | 8203 ||| DRINKING potion of curing.
  8203 | D:9      | 8203 ||| (to cure confusion)
  8325 | D:9      | Found a broken altar of Ashenzari.
  8394 | D:9      | Reached skill level 9 in Fighting
  8440 | D:9      | 8440 ||| Stepping ~*~*~tactically~*~*~ (stealth).
  8449 | D:9      | 8449 ||| Stepping ~*~*~tactically~*~*~ (stealth).
  8450 | D:9      | 8450 ||| Stepping ~*~*~tactically~*~*~ (stealth).
  8451 | D:9      | 8451 ||| Stepping ~*~*~tactically~*~*~ (stealth).
  8911 | D:9      | 8911 ||| READING scroll labelled MUNA HICLU.
  8917 | D:10     | Entered Level 10 of the Dungeon
  9021 | D:10     | HP: 14/71 [orc warrior/+1 hand axe of venom (4)]
  9022 | D:10     | 9022 ||| DRINKING potion of heal wounds.
  9055 | D:10     | HP: 14/71 [yak (8)]
  9068 | D:10     | Reached skill level 12 in Axes
  9156 | D:10     | 9156 ||| FLEEEEING.
  9157 | D:10     | 9157 ||| FLEEEEING.
  9157 | D:10     | Found a staircase to the Orcish Mines.
  9158 | D:10     | 9158 ||| FLEEEEING.
  9162 | D:10     | 9162 ||| FLEEEEING.
  9409 | D:10     | 9409 ||| DROPPING +0 flail.
  9454 | D:10     | 9454 ||| Stepping ~*~*~tactically~*~*~ (hiding).
  9457 | D:10     | 9457 ||| Stepping ~*~*~tactically~*~*~ (hiding).
  9758 | D:10     | Found an iron altar of Okawaru.
  9759 | D:10     | 9759 ||| PLANNING OKAWARU WORSHIP
  9768 | D:10     | 9768 ||| READING 2 scrolls labelled SEIN LIETA.
  9769 | D:10     | 9769 ||| DROPPING scroll of magic mapping.
  9776 | D:10     | Became a worshipper of Warmaster Okawaru
  9776 | D:10     | 9776 ||| PLANNING D:1-11
  9777 | D:10     | 9777 ||| REMOVING amulet of guardian spirit.
  9872 | D:10     | 9872 ||| PLANNING LAIR
  9872 | D:10     | 9872 ||| DROPPING amulet of guardian spirit.
  9938 | Lair:1   | Entered Level 1 of the Lair of Beasts
 10187 | Lair:1   | Reached skill level 9 in Armour
 10221 | Lair:1   | Reached * piety under Okawaru
 10265 | Lair:1   | 10265 ||| Stepping ~*~*~tactically~*~*~ (stealth).
 10266 | Lair:1   | 10266 ||| Stepping ~*~*~tactically~*~*~ (stealth).
 10295 | Lair:1   | 10295 ||| Stepping ~*~*~tactically~*~*~ (stealth).
 10309 | Lair:1   | Reached skill level 1 in Invocations
 10336 | Lair:1   | 10336 ||| FLEEEEING.
 10337 | Lair:1   | 10337 ||| FLEEEEING.
 10339 | Lair:1   | 10339 ||| FLEEEEING.
 10340 | Lair:1   | 10340 ||| FLEEEEING.
 10341 | Lair:1   | 10341 ||| FLEEEEING.
 10342 | Lair:1   | 10342 ||| FLEEEEING.
 10343 | Lair:1   | 10343 ||| FLEEEEING.
 10344 | Lair:1   | 10344 ||| FLEEEEING.
 10345 | Lair:1   | 10345 ||| FLEEEEING.
 10346 | Lair:1   | 10346 ||| FLEEEEING.
 10347 | Lair:1   | 10347 ||| STAIRDANCE
 10391 | Lair:1   | 10391 ||| INVOKING Heroism.
 10398 | Lair:1   | 10398 ||| STAIRDANCE
 10405 | D:9      | Reached skill level 3 in Invocations
 10407 | D:9      | Reached ** piety under Okawaru
 10590 | Lair:1   | 10590 ||| STAIRDANCE
 10596 | D:9      | 10596 ||| INVOKING Heroism.
 10603 | D:9      | Reached XP level 12. HP: 44/77 MP: 12/15
 10721 | Lair:1   | 10721 ||| Stepping ~*~*~tactically~*~*~ (stealth).
 10722 | Lair:1   | 10722 ||| Stepping ~*~*~tactically~*~*~ (stealth).
 10723 | Lair:1   | 10723 ||| Stepping ~*~*~tactically~*~*~ (stealth).
 10724 | Lair:1   | 10724 ||| Stepping ~*~*~tactically~*~*~ (stealth).
 10783 | Lair:1   | 10783 ||| Stepping ~*~*~tactically~*~*~ (hiding).
 10784 | Lair:1   | 10784 ||| Stepping ~*~*~tactically~*~*~ (hiding).
 10944 | Lair:1   | 10944 ||| Stepping ~*~*~tactically~*~*~ (stealth).
 10946 | Lair:1   | 10946 ||| Stepping ~*~*~tactically~*~*~ (stealth).
 10949 | Lair:1   | 10949 ||| Stepping ~*~*~tactically~*~*~ (stealth).
 10951 | Lair:1   | 10951 ||| Stepping ~*~*~tactically~*~*~ (stealth).
 10953 | Lair:1   | 10953 ||| INVOKING Heroism.
 11016 | Lair:1   | Identified the ring "Cebud" {+Blink rPois Str+6 Int+4}
 11064 | Lair:1   | 11064 ||| Stepping ~*~*~tactically~*~*~ (stealth).
 11119 | Lair:1   | 11119 ||| Stepping ~*~*~tactically~*~*~ (stealth).
 11120 | Lair:1   | 11120 ||| Stepping ~*~*~tactically~*~*~ (stealth).
 11123 | Lair:1   | 11123 ||| Stepping ~*~*~tactically~*~*~ (stealth).
 11129 | Lair:1   | 11129 ||| Stepping ~*~*~tactically~*~*~ (stealth).
 11145 | Lair:1   | Reached skill level 13 in Axes
 11356 | Lair:1   | 11356 ||| Stepping ~*~*~tactically~*~*~ (stealth).
 11369 | Lair:1   | 11369 ||| Stepping ~*~*~tactically~*~*~ (stealth).
 11506 | Lair:1   | 11506 ||| UPGRADING to ring "Cebud" {+Blink rPois Str+6
                  | Int+4}.
 11507 | Lair:1   | 11507 ||| READING scroll labelled RIHAME HIO.
 11558 | Lair:2   | You fall into a shaft and drop 1 floor!
 11592 | Lair:3   | Noticed an eight-headed hydra
 11593 | Lair:3   | 11593 ||| INVOKING Heroism.
 11595 | Lair:3   | 11595 ||| SWAPPING to +0 morningstar.
 11603 | Lair:3   | Killed an eight-headed hydra
 11603 | Lair:3   | Reached *** piety under Okawaru
 11604 | Lair:3   | 11604 ||| SWAPPING to +1 war axe.
 11780 | Lair:2   | Found a staircase to the Shoals.
 11781 | Lair:2   | 11781 ||| INVOKING Heroism.
 11816 | Lair:2   | Noticed an eight-headed hydra
 11817 | Lair:2   | 11817 ||| Stepping ~*~*~tactically~*~*~ (stealth).
 11890 | Lair:2   | 11890 ||| FLEEEEING.
 11891 | Lair:2   | 11891 ||| FLEEEEING.
 11894 | Lair:2   | 11894 ||| FLEEEEING.
 11895 | Lair:2   | 11895 ||| FLEEEEING.
 11896 | Lair:2   | 11896 ||| FLEEEEING.
 11897 | Lair:2   | 11897 ||| FLEEEEING.
 11898 | Lair:2   | 11898 ||| STAIRDANCE
 11934 | Lair:2   | 11934 ||| INVOKING Heroism.
 12017 | Lair:2   | 12017 ||| Stepping ~*~*~tactically~*~*~ (stealth).
 12019 | Lair:2   | 12019 ||| Stepping ~*~*~tactically~*~*~ (stealth).
 12022 | Lair:2   | 12022 ||| Stepping ~*~*~tactically~*~*~ (stealth).
 12028 | Lair:2   | 12028 ||| INVOKING Heroism.
 12032 | Lair:2   | Killed an eight-headed hydra
 12052 | Lair:2   | 12052 ||| Stepping ~*~*~tactically~*~*~ (stealth).
 12379 | Lair:2   | 12379 ||| READING scroll of enchant weapon.
 12379 | Lair:2   | 12379 ||| ENCHANTING +1 war axe.
 12560 | Lair:2   | 12560 ||| INVOKING Heroism.
 12684 | Lair:2   | 12684 ||| INVOKING Heroism.
 12696 | Lair:2   | 12696 ||| Stepping ~*~*~tactically~*~*~ (stealth).
 12806 | Lair:2   | Found a staircase to the Snake Pit.
 12811 | Lair:2   | 12811 ||| INVOKING Heroism.
 12827 | Lair:2   | 12827 ||| FLEEEEING.
 12828 | Lair:2   | 12828 ||| FLEEEEING.
 12829 | Lair:2   | 12829 ||| FLEEEEING.
 12830 | Lair:2   | 12830 ||| FLEEEEING.
 12832 | Lair:2   | 12832 ||| FLEEEEING.
 12833 | Lair:2   | 12833 ||| FLEEEEING.
 12834 | Lair:2   | 12834 ||| FLEEEEING.
 13210 | Lair:2   | 13210 ||| UPGRADING to amulet of faith.
 13215 | Lair:2   | 13215 ||| READING 3 scrolls labelled GECOERCH POYBLANG.
 13316 | Lair:2   | 13316 ||| DROPPING 2 scrolls of silence.
 13335 | Lair:3   | 13335 ||| INVOKING Heroism.
 13340 | Lair:3   | Reached skill level 14 in Axes
 13344 | Lair:3   | Reached **** piety under Okawaru
 13348 | Lair:3   | Received a gift from Okawaru
 13459 | Lair:3   | 13459 ||| INVOKING Heroism.
 13464 | Lair:3   | Noticed Fannar
 13473 | Lair:3   | Reached skill level 3 in Throwing
 13487 | Lair:3   | Killed Fannar
 13488 | Lair:3   | Reached XP level 13. HP: 52/82 MP: 16/16
 13722 | Lair:3   | 13722 ||| INVOKING Heroism.
 13927 | Lair:3   | 13927 ||| INVOKING Heroism.
 13935 | Lair:3   | Reached skill level 6 in Invocations
 14020 | Lair:3   | 14020 ||| INVOKING Heroism.
 14077 | Lair:3   | 14077 ||| INVOKING Heroism.
 14497 | Lair:3   | 14497 ||| UPGRADING to +4 ring of protection.
 14556 | Lair:4   | 14556 ||| INVOKING Heroism.
 14657 | Lair:4   | 14657 ||| INVOKING Heroism.
 14662 | Lair:4   | 14662 ||| SWAPPING to +0 morningstar.
 14666 | Lair:4   | 14666 ||| SWAPPING to +2 war axe.
 14700 | Lair:4   | 14700 ||| INVOKING Heroism.
 15195 | Lair:4   | 15195 ||| INVOKING Heroism.
 15311 | Lair:4   | Found a viscous altar of Jiyva.
 15311 | Lair:4   | Found a staircase to the Slime Pits.
 15393 | Lair:4   | 15393 ||| SWAPPING to +2 war axe of freezing.
 15394 | Lair:4   | 15394 ||| DROPPING +2 war axe.
 15396 | Lair:4   | 15396 ||| Stepping ~*~*~tactically~*~*~ (hiding).
 15755 | Lair:4   | 15755 ||| READING 8 scrolls of identify.
 15755 | Lair:4   | 15755 ||| IDENTIFYING bubbling grey potion
 15775 | Lair:5   | Entered Level 5 of the Lair of Beasts
 15791 | Lair:5   | 15791 ||| INVOKING Heroism.
 15809 | Lair:5   | Received a gift from Okawaru
 15831 | Lair:5   | 15831 ||| INVOKING Heroism.
 15892 | Lair:5   | 15892 ||| INVOKING Heroism.
 15901 | Lair:5   | Received a gift from Okawaru
 15983 | Lair:5   | 15983 ||| INVOKING Heroism.
 16020 | Lair:5   | Received a gift from Okawaru
 16021 | Lair:5   | Reached skill level 9 in Invocations
 16022 | Lair:5   | Reached ***** piety under Okawaru
 16035 | Lair:5   | 16035 ||| Stepping ~*~*~tactically~*~*~ (stealth).
 16093 | Lair:5   | 16093 ||| INVOKING Heroism.
 16096 | Lair:5   | 16096 ||| INVOKING Finesse.
 16100 | Lair:5   | 16100 ||| SWAPPING to +0 morningstar.
 16108 | Lair:5   | 16108 ||| SWAPPING to +2 war axe of freezing.
 16180 | Lair:5   | 16180 ||| Stepping ~*~*~tactically~*~*~ (hiding).
 16181 | Lair:5   | 16181 ||| Stepping ~*~*~tactically~*~*~ (hiding).
 16184 | Lair:5   | 16184 ||| INVOKING Heroism.
 16217 | Lair:5   | 16217 ||| Stepping ~*~*~tactically~*~*~ (stealth).
 16228 | Lair:5   | Gained mutation: Your large and strong wings let you fly.
                  | [Gargoyle growth]
 16228 | Lair:5   | Reached XP level 14. HP: 66/90 MP: 21/21
 16236 | Lair:5   | Reached skill level 15 in Axes
 16238 | Lair:5   | 16238 ||| INVOKING Heroism.
 16308 | Lair:5   | 16308 ||| FLEEEEING.
 16309 | Lair:5   | 16309 ||| FLEEEEING.
 16366 | Lair:5   | Received a gift from Okawaru
 16474 | Lair:5   | 16474 ||| INVOKING Heroism.
 16489 | Lair:5   | 16489 ||| INVOKING Finesse.
 16690 | Lair:5   | Received a gift from Okawaru
 16726 | Lair:5   | Identified the +5 chain mail "Wuylostra" {Dex+4 Slay+2}
 16733 | Lair:5   | Received a gift from Okawaru
 16782 | Lair:5   | Received a gift from Okawaru
 16949 | Lair:5   | Identified the +1 leather armour of Compression {Str+3}
 17089 | Lair:5   | 17089 ||| INVOKING Heroism.
 17090 | Lair:5   | 17090 ||| INVOKING Finesse.
 17094 | Lair:5   | Received a gift from Okawaru
 17153 | Lair:5   | 17153 ||| PLANNING D:1-11
 17153 | Lair:5   | 17153 ||| UPGRADING to +5 chain mail "Wuylostra" {Dex+4
                  | Slay+2}.
 17163 | Lair:5   | 17163 ||| DROPPING +4 plate armour.
 17164 | Lair:5   | 17164 ||| READING scroll labelled WIHIUNL INULO.
 17167 | Lair:5   | 17167 ||| READING 7 scrolls of identify.
 17167 | Lair:5   | 17167 ||| IDENTIFYING white potion
 17358 | D:11     | 17358 ||| PLANNING GAUNTLET
 17458 | D:11     | Found a gate leading to a gauntlet.
 17463 | Gauntlet | Entered a Gauntlet
 17463 | Gauntlet | Found a transporter.
 17463 | Gauntlet | Found a transporter.
 17476 | Gauntlet | Found a transporter.
 17494 | Gauntlet | Found a transporter.
 17494 | Gauntlet | Found a transporter.
 17497 | Gauntlet | Found a transporter.
 17497 | Gauntlet | Found a transporter.
 17497 | Gauntlet | Found a transporter.
 17511 | Gauntlet | Found a transporter.
 17529 | Gauntlet | Found the amulet of Vitality {RegenMP++ Regen++}
 17530 | Gauntlet | Found a transporter.
 17539 | Gauntlet | Noticed a reaper
 17540 | Gauntlet | Found a transporter.
 17555 | Gauntlet | Found a transporter.
 17575 | Gauntlet | Found a transporter.
 17592 | Gauntlet | Found a transporter.
 17710 | Gauntlet | Reached skill level 3 in Dodging
 17713 | Gauntlet | Reached skill level 12 in Fighting
 17782 | Gauntlet | 17782 ||| UPGRADING to ring of see invisible.
 17791 | Gauntlet | 17791 ||| INVOKING Heroism.
 17848 | Gauntlet | HP: 23/92 [meliai/divine providence (10)]
 17849 | Gauntlet | 17849 ||| DRINKING 2 potions of heal wounds.
 18010 | Gauntlet | 18010 ||| INVOKING Heroism.
 18011 | Gauntlet | 18011 ||| INVOKING Finesse.
 18021 | Gauntlet | Received a gift from Okawaru
 18090 | Gauntlet | Identified the staff of conjuration "Poggurgh" {Int+2
                  | Dex+3}
 18127 | D:11     | 18127 ||| PLANNING D:1-11
 18186 | D:11     | 18186 ||| Stepping ~*~*~tactically~*~*~ (hiding).
 18505 | D:11     | 18505 ||| INVOKING Heroism.
 18659 | D:11     | 18659 ||| Stepping ~*~*~tactically~*~*~ (stealth).
 18660 | D:11     | 18660 ||| Stepping ~*~*~tactically~*~*~ (stealth).
 18662 | D:11     | 18662 ||| Stepping ~*~*~tactically~*~*~ (stealth).
 18794 | D:11     | 18794 ||| PLANNING D
 19076 | D:12     | 19076 ||| INVOKING Heroism.
 19226 | D:12     | 19226 ||| Stepping ~*~*~tactically~*~*~ (hiding).
 19229 | D:12     | 19229 ||| Stepping ~*~*~tactically~*~*~ (hiding).
 19297 | D:12     | 19297 ||| Stepping ~*~*~tactically~*~*~ (stealth).
 19300 | D:12     | 19300 ||| INVOKING Heroism.
 19350 | D:12     | 19350 ||| Stepping ~*~*~tactically~*~*~ (hiding).
 19390 | D:12     | Identified the +0 tower shield of Summertime {+Inv rPois
                  | rC- SInv}
 19418 | D:12     | 19418 ||| Stepping ~*~*~tactically~*~*~ (stealth).
 19669 | D:12     | 19669 ||| UPGRADING to +0 tower shield of Summertime {+Inv
                  | rPois rC- SInv}.
 19679 | D:12     | 19679 ||| REMOVING ring of see invisible.
 19680 | D:12     | 19680 ||| DROPPING +0 buckler.
 19681 | D:12     | 19681 ||| DROPPING +6 ring of intelligence.
 19682 | D:12     | 19682 ||| UPGRADING to ring "Cebud" {+Blink rPois Str+6
                  | Int+4}.
 19725 | D:13     | 19725 ||| SWAPPING to +4 war axe of freezing.
 19726 | D:13     | 19726 ||| DROPPING +2 war axe of freezing.
 19736 | D:13     | 19736 ||| INVOKING Heroism.
 19737 | D:13     | 19737 ||| INVOKING Finesse.
 19755 | D:13     | Noticed Sonja
 19758 | D:13     | Killed Sonja
 19770 | D:13     | 19770 ||| Stepping ~*~*~tactically~*~*~ (stealth).
 19772 | D:13     | 19772 ||| Stepping ~*~*~tactically~*~*~ (stealth).
 19772 | D:13     | Found a gate to the Vaults.
 19775 | D:13     | 19775 ||| Stepping ~*~*~tactically~*~*~ (stealth).
 19776 | D:13     | 19776 ||| Stepping ~*~*~tactically~*~*~ (stealth).
 19778 | D:13     | 19778 ||| INVOKING Finesse.
 19782 | D:13     | 19782 ||| INVOKING Heroism.
 19790 | D:13     | Reached skill level 9 in Shields
 20028 | D:13     | Reached XP level 15. HP: 96/96 MP: 22/22
 20083 | D:13     | Identified the +0 scale mail of Dull Liberty {Int+3}
 20104 | D:13     | 20104 ||| Stepping ~*~*~tactically~*~*~ (hiding).
 20126 | D:13     | 20126 ||| Stepping ~*~*~tactically~*~*~ (hiding).
 20156 | D:13     | 20156 ||| Stepping ~*~*~tactically~*~*~ (stealth).
 20419 | D:13     | 20419 ||| Stepping ~*~*~tactically~*~*~ (stealth).
 20425 | D:13     | 20425 ||| INVOKING Heroism.
 20451 | D:13     | 20451 ||| Stepping ~*~*~tactically~*~*~ (hiding).
 20563 | D:13     | 20563 ||| DROPPING amulet of reflection.
 20607 | D:14     | 20607 ||| FLEEEEING.
 20608 | D:14     | 20608 ||| FLEEEEING.
 20609 | D:14     | 20609 ||| FLEEEEING.
 20610 | D:14     | 20610 ||| FLEEEEING.
 20611 | D:14     | 20611 ||| FLEEEEING.
 20612 | D:14     | 20612 ||| FLEEEEING.
 20612 | D:14     | Identified the +1 tower shield of Emeomn Eguta {rPois rN++
                  | Dex+4 Slay-5}
 20612 | D:14     | Noticed Louise
 20613 | D:14     | 20613 ||| INVOKING Heroism.
 20614 | D:14     | 20614 ||| INVOKING Finesse.
 20638 | Abyss:3  | Cast into level 3 of the Abyss (Louise)
 20664 | Abyss:3  | Noticed a profane servitor
 20665 | Abyss:3  | Noticed a profane servitor
 20676 | Abyss:3  | 20676 ||| INVOKING Heroism.
 20688 | Abyss:3  | HP: 24/96 [profane servitor/+1 demon whip (5)]
 20689 | Abyss:3  | 20689 ||| DRINKING 3 potions of heal wounds.
 20695 | Abyss:3  | HP: 22/96 [profane servitor/+1 demon whip (4)]
 20696 | Abyss:3  | 20696 ||| DRINKING 2 potions of heal wounds.
 20700 | Abyss:3  | HP: 17/96 [profane servitor/+1 demon whip (9)]
 20701 | Abyss:3  | 20701 ||| DRINKING potion of heal wounds.
 20705 | Abyss:3  | HP: 16/96 [profane servitor/+1 demon whip (8)]
 20705 | Abyss:3  | HP: 5/96 [profane servitor (illusionary)/+1 demon whip
                  | (11)]
 20707 | Abyss:3  | Slain by a profane servitor (illusionary)

Levels and vault maps discovered:
D:1:      wander_arrival_peaceful_grave, layout_basic
D:2:      minmay_evil_eye, layout_loops_cross, basic_altar, uniq_natasha,
          uniq_terence, uniq_sigmund
D:3:      layout_basic, hellmonk_ecumenical_altar_heavens_door,
          minmay_door_square, kennysheep_another_room,
          kennysheep_generic_room_11
D:4:      layout_cave_pools, mainiacjoe_overflow_alcove_2
D:5:      layout_gridville, minmay_temple_entry_glassed_door,
          minmay_fire_ice_demons
D:6:      layout_loops_corners, minmay_quadrilaterals, uniq_menkaure
D:7:      layout_loops_ring, nicolae_zen_rock_garden
D:8:      layout_rooms, enter_bailey_2, grunt_decor_fettered,
          chequers_serial_rivers_micro_e
D:9:      layout_loops_ring, mainiacjoe_overflow_boulevard,
          due_lair_maze_entry_diamond
D:10:     layout_irregular_city, okawaru_altar_gauntlet_db, david_orc_2
D:11:     layout_loops_cross, gauntlet_entry_generic, kennysheep_generic_room_16
D:12:     layout_layer_cave
D:13:     layout_loops_ring, david_vaults_5, uniq_sonja
D:14:     layout_small_grid, serial_glass, glass_columns_a, glass_columns_b,
          hangedman_decor_diamond_cutter, uniq_louise
Temple:   hellmonk_temple_divided_pantheon
Lair:1:   layout_long_grid, beast_lair_carwin_6, grunt_megastairs_5
Lair:2:   layout_regular_city, minmay_shoals_entry_beasts,
          nicolae_snake_entry_warm_welcome, lightli_volcano_entry_magma_tube,
          infiniplex_staircase_pool
Lair:3:   layout_roguey, st_stairs_4, uniq_fannar
Lair:4:   layout_regular_city, nicolae_slime_entry_field_trip,
          grunt_megastairs_2
Lair:5:   minmay_lair_end_frog_pond, layout_gridlike
Abyss:3:  base: D:10, spicy_abyss_rude_harpoons, hangedman_summoners_spam

Skill      XL: |  1  2  3  4  5  6  7  8  9 10 11 12 13 14 15 |
---------------+----------------------------------------------+-----
Axes           | 2 3 4 5 6 7 8 9 11 12 14 15 | 15.8
Fighting       | 4 5 6 8 10 11 12 | 12.0
Dodging        | 1 2 3 |  3.0
Armour         | 4 6 8 9 10 11 | 11.0
Throwing       | 1 3 4 5 |  5.0
Shields        | 4 6 7 9 10 | 10.6
Invocations    | 4 5 9 10 | 10.0

Action                     |  1- 3 |  4- 6 |  7- 9 | 10-12 | 13-15 || total
---------------------------+-------+-------+-------+-------+-------++-------
  Melee: War axe           |    71 |   109 |   422 |   773 |   684 ||  2059
         Morningstar       |       |       |       |     8 |    10 ||    18
  Throw: Boomerang         |       |     4 |    17 |    83 |    87 ||   191
         Javelin           |       |       |     9 |     1 |    95 ||   105
 Invoke: Heroism           |       |       |       |    12 |    27 ||    39
         Finesse           |       |       |       |       |     7 ||     7
    Use: Scroll            |     2 |     2 |    10 |     7 |     3 ||    24
         Potion            |       |       |     7 |     5 |     4 ||    16
 Armour: Scale mail        |    43 |     7 |       |       |       ||    50
         Chain mail        |       |    57 |   272 |       |   188 ||   517
         Plate armour      |       |       |    25 |   680 |   270 ||   975
  Dodge: Dodged            |    29 |    52 |   191 |   306 |   230 ||   808
  Block: Buckler           |    11 |    20 |    80 |   192 |    98 ||   401
         Tower shield      |       |       |       |       |   148 ||   148

Table legend:
 A = Non-vault XP
 B = Vault XP
 C = Vault XP percentage of total XP
 D = Non-vault monster count
 E = Vault monster count
 F = Vault count percentage of total count
                 A         B        C        D         E       F
            +---------+---------+-------+---------+---------+-------
      Total |   65503 |   27318 |  29.4 |     389 |     122 |  23.9
            +---------+---------+-------+---------+---------+-------
        D:1 |      28 |       0 |   0.0 |      17 |       0 |   0.0
        D:2 |     109 |     348 |  76.1 |      34 |       6 |  15.0
        D:3 |     297 |       0 |   0.0 |      19 |       0 |   0.0
        D:4 |     266 |       0 |   0.0 |      10 |       0 |   0.0
        D:5 |     536 |      61 |  10.2 |      20 |       2 |   9.1
        D:6 |     603 |     549 |  47.7 |      16 |       7 |  30.4
        D:7 |    1707 |       0 |   0.0 |      16 |       0 |   0.0
        D:8 |    2640 |     126 |   4.6 |      27 |       1 |   3.6
        D:9 |    3202 |    1568 |  32.9 |      34 |      12 |  26.1
       D:10 |    2155 |     177 |   7.6 |      14 |      13 |  48.1
       D:11 |    2622 |     324 |  11.0 |      12 |       2 |  14.3
       D:12 |    5561 |       0 |   0.0 |      19 |       0 |   0.0
       D:13 |    5380 |    6117 |  53.2 |      21 |       9 |  30.0
       D:14 |    2007 |       0 |   0.0 |       4 |       0 |   0.0
     Lair:1 |    4984 |    1588 |  24.2 |      23 |      11 |  32.4
     Lair:2 |    4831 |    1482 |  23.5 |      21 |       7 |  25.0
     Lair:3 |    5851 |    1941 |  24.9 |      17 |       3 |  15.0
     Lair:4 |    5502 |     688 |  11.1 |      16 |       7 |  30.4
     Lair:5 |   17159 |    8854 |  34.0 |      48 |      33 |  40.7
    Abyss:3 |      63 |       0 |   0.0 |       1 |       0 |   0.0
   Gauntlet |       0 |    3495 | 100.0 |       0 |       9 | 100.0
            +---------+---------+-------+---------+---------+-------
